AoeStats
← MooseMooch

Golden Pit

509222072Analyzed
1v1 RM · 7d ago on Sep 26, 2026· 43m 25s· 2 players
Game mode
Random Map
Map size
Tiny (2 player)
Population
200
Speed
Normal
Resources
Standard
Victory
Conquest
Starting age
Dark Age
Ending age
Imperial Age
RankedLock teamsTeams togetherTeam positionsShared explorationLock speedFull tech treeHidden civsTurbo modeCheats
Victory
Defeat
🇩🇪 Portuguese · Germany
1254
+16
🇨🇳 Maya · China
1256
-16
MooseMooch
6:26 Loom
9:11 Feudal Age
13:27 Fletching
15:19 Double-Bit Axe
21:36 Castle Age
20:34 Gold Mining
20:42 Horse Collar
21:46 Padded Archer Armor
21:43 Crossbowman
22:19 Bodkin Arrow
26:04 Ballistics
33:56 Elite Skirmisher
34:52 Leather Archer Armor
35:02 Elite Skirmisher
41:34 Imperial Age
40:40 Man-at-Arms
41:22 Scale Mail Armor
41:23 Long Swordsman
MonkHater
0:26 Loom
9:06 Feudal Age
9:35 Double-Bit Axe
15:38 Fletching
20:56 Castle Age
20:45 Padded Archer Armor
21:02 Crossbowman
22:21 Bodkin Arrow
22:40 Town Watch
24:15 Leather Archer Armor
29:20 Gold Mining
36:35 Bow Saw
36:26 Stone Mining
36:43 Scale Mail Armor
42:06 Stone Mining
41:45 Eagle Warrior
42:12 Horse Collar
Connection lost

Rejoining the realm…

Still unreachable

The connection could not be restored.

Session expired

The server has moved on; the page needs a fresh start.